AoeStats
← Theluckyman7467

Arabia

510126253Analyzed
1v1 RM · 3d ago on Sep 29, 2026· 63m 25s· 2 players
Game mode
Random Map
Map size
Tiny (2 player)
Population
200
Speed
Normal
Resources
Standard
Victory
Conquest
Starting age
Dark Age
Ending age
Imperial Age
RankedLock teamsTeams togetherTeam positionsShared explorationLock speedFull tech treeHidden civsTurbo modeCheats
Victory
Defeat
🇦🇷 Vikings · Argentina
811
+18
🇦🇷 Britons · Argentina
854
-18
Theluckyman7467
7:07 Loom
10:33 Feudal Age
11:37 Double-Bit Axe
15:36 Fletching
15:43 Gold Mining
18:55 Town Watch
22:27 Castle Age
21:51 Horse Collar
23:46 Light Cavalry
24:28 Husbandry
25:12 Wheelbarrow
25:37 Heavy Plow
27:02 Hand Cart
28:37 Bow Saw
28:41 Forging
29:11 Crossbowman
30:18 Bodkin Arrow
30:47 Stone Mining
31:26 Scale Barding Armor
32:30 Gold Shaft Mining
33:41 Town Patrol
37:02 Iron Casting
38:31 Yeomen
39:36 Ballistics
41:34 Chain Barding Armor
45:58 Imperial Age
47:23 Conscription
47:46 Bracer
47:12 Arbalester
47:22 Cranequins
49:53 Chemistry
50:00 Blast Furnace
48:34 Heavy Mounted Crossbowman
53:02 Hoardings
52:26 Elite Skirmisher
52:51 Onager
55:26 Padded Archer Armor
61:55 Two-Man Saw
Eldomador
11:48 Feudal Age
12:45 Loom
17:23 Castle Age
17:17 Double-Bit Axe
17:16 Horse Collar
21:50 Gold Mining
22:01 Town Watch
23:25 Town Patrol
23:37 Bow Saw
26:14 Fletching
26:31 Stone Mining
26:59 Heavy Plow
28:49 Gold Shaft Mining
30:22 Man-at-Arms
34:39 Imperial Age
32:16 Treadmill Crane
32:59 Ballistics
33:03 Scale Mail Armor
33:14 Forging
34:53 Elite Berserk
35:39 Chieftains
36:00 Capped Ram
39:02 Chemistry
38:09 Siege Engineers
38:43 Iron Casting
38:29 Chain Mail Armor
38:11 Bodkin Arrow
38:00 Elite Skirmisher
39:02 Heavy Scorpion
39:09 Pikeman
39:50 Squires
41:01 Masonry
41:27 Crop Rotation
45:49 Bracer
45:49 Padded Archer Armor
46:51 Blast Furnace
45:57 Scale Barding Armor
50:00 Leather Archer Armor
50:06 Chain Barding Armor
50:17 Plate Mail Armor
Connection lost

Rejoining the realm…

Still unreachable

The connection could not be restored.

Session expired

The server has moved on; the page needs a fresh start.